 Dungeon Crawl Stone Soup version 0.31-a0-1576-ga3383bade6 (webtiles) character file.

Game seed: 9856323289290976174

382 Borgoz the Covered (level 6, -2/58 HPs)
             Began as a Gargoyle Fighter on Jan 4, 2024.
             Incinerated by a bombardier beetle (3 damage)
             ... with a burning spray
             ... on level 5 of the Dungeon.
             The game lasted 00:06:31 (2804 turns).

Borgoz the Covered (Gargoyle Fighter)               Turns: 2804, Time: 00:06:32

Health: -2/58      AC: 23    Str: 19    XL:     6   Next: 76%
Magic:  6/6        EV:  2    Int:  9    God:
Gold:   226        SH:  4    Dex: 11    Spells: 5/5 levels left

rFire   + . .        a - +1 flail
rCold   + . .        c - +0 buckler
rNeg    + . .        b - melded +0 scale mail
rPois   ∞            (helmet currently unavailable)
rElec   +            (cloak currently unavailable)
rCorr   +            (gloves currently unavailable)
SInv    .            k - melded +2 pair of boots
Will    .....        e - amulet of the acrobat
Stlth   +            g - ring of flight
HPRegen 0.29/turn    (no ring)
MPRegen 0.10/turn

%: acrobat
@: on fire, tree-form, resistant, weak-willed, acrobatic, glowing
A: stationary, stasis, torment immunity, boosted hp, sickness immunity, AC +4,
negative energy resistance 1, (electricity resistance), torment resistance 1,
petrification resistance
a: no special abilities


You were on level 5 of the Dungeon.
You were a tree.
You visited 1 branch of the dungeon, and saw 5 of its levels.

You collected 226 gold pieces.

Inventory:

Hand Weapons
 a - a +1 flail (weapon)
Armour
 b - a +0 scale mail (melded)
 c - a +0 buckler (worn)
 k - a +2 pair of boots (melded)
Jewellery
 e - an amulet of the acrobat (around neck)
 g - a ring of flight (left branch)
Talismans
 f - a serpent talisman
Wands
 q - a wand of paralysis (5)
Scrolls
 d - a scroll of silence
 h - 2 scrolls of teleportation
 i - 2 scrolls of enchant weapon
 m - a scroll of blinking
 o - a scroll of enchant armour
 p - a scroll of immolation
 s - a scroll of fear


   Skills:
 * Level 4.6 Fighting
 * Level 3.6 Maces & Flails
 * Level 4.8 Armour
 + Level 1.5 Dodging
 + Level 2.3 Stealth
 + Level 4.1 Shields


You had 5 spell levels left.
You didn't know any spells.
Your spell library contained the following spells:

 Spells                   Type           Power      Damage    Failure   Level
 Apportation              Tloc           0%         N/A       45%         1
 Jinxbite                 Hex            0%         N/A       58%         2
 Frozen Ramparts          Ice            0%         1d1       83%         3
 Inner Flame              Hex/Fire       0%         N/A       83%         3
 Stone Arrow              Conj/Erth      0%         3d7       83%         3
 Animate Armour           Summ/Erth      0%         N/A       99%         4
 Flame Wave               Conj/Fire      0%         2d4       99%         4
 Leda's Liquefaction      Alch/Erth      0%         N/A       99%         4
 Petrify                  Alch/Erth      0%         N/A       99%         4
 Sticky Flame             Fire/Alch      0%         2d4       99%         4
 Alistair's Intoxication  Alch           0%         N/A       100%        5
 Irradiate                Conj/Alch      0%         3d11      100%        5
 Metabolic Englaciation   Hex/Ice        0%         N/A       100%        5
 Lehudib's Crystal Spear  Conj/Erth      0%         10d2      100%        8
 Sublimation of Blood     Necr           Unusable   N/A       N/A         2

Dungeon Overview and Level Annotations

Branches:
Dungeon (5/15)
 Temple: D:4-7

Altars:
Makhleb

Shops:
D:1 (   D:4 *=


Innate Abilities, Weirdness & Mutations

You are a tree.
Your roots penetrate the ground, keeping you stationary.
You cannot be teleported.
You are immune to unholy pain and torment.
Your maximum health is greatly increased.
Your equipment is partially melded.
You are immune to sickness and miasma.
((Your stone body is resilient. (AC +4)))
You are immune to poison.
You resist negative energy. (rN+)
((You are resistant to electric shocks. (rElec)))
You are resistant to unholy torment.
You are immune to petrification.


Message History

The liquid fire burns you!
* * * LOW HITPOINT WARNING * * *
The liquid fire burns you!
* * * LOW HITPOINT WARNING * * *
The liquid fire burns you!
* * * LOW HITPOINT WARNING * * *
The liquid fire burns you!
* * * LOW HITPOINT WARNING * * *
You feel better. The liquid fire burns you!
* * * LOW HITPOINT WARNING * * *
You turn into a tree.
Your +2 pair of boots melds into your body.
Your +0 scale mail melds into your body.
Your roots penetrate the ground.
The liquid fire burns you!
* * * LOW HITPOINT WARNING * * *
You feel better. The liquid fire burns you!
* * * LOW HITPOINT WARNING * * *
You feel protected. The liquid fire burns you!
* * * LOW HITPOINT WARNING * * *
The liquid fire burns you!
* * * LOW HITPOINT WARNING * * *
The liquid fire burns you!
* * * LOW HITPOINT WARNING * * *
The liquid fire burns you!
* * * LOW HITPOINT WARNING * * *
The liquid fire burns you!
* * * LOW HITPOINT WARNING * * *
As you read the scroll of fog, it dissolves into smoke.
The liquid fire burns you!
* * * LOW HITPOINT WARNING * * *
The liquid fire burns you!
* * * LOW HITPOINT WARNING * * *
The liquid fire burns you!
* * * LOW HITPOINT WARNING * * *
The liquid fire burns you!
You die...

##+## ##...##
##.....##
##.......##
#.........#
+.§§§§§...+
#.§§§§§...#
#§§♣§§..#
##§§§§.## #.#
##§§§## #.#
########'##
#.#
#........####
#.#
#.#####.....#
#.#
.........##.#
#.#
#.####....#.#
#.#
#.........#
#<#


There were no monsters in sight!

Vanquished Creatures
  A black bear (D:4)
  A bombardier beetle (D:5)
  A hound (D:4)
  An orc priest (D:4)
  An orc wizard (D:4)
  4 gnolls (D:4)
  4 adders
  3 dart slugs
  6 orcs (D:4)
  12 bats
  6 endoplasms
  7 giant cockroaches
  9 goblins
  7 hobgoblins
  6 jackals
  4 quokkas
  9 ball pythons
  2 kobolds
  2 rats (D:3)
86 creatures vanquished.

Notes
Turn   | Place    | Note
-------+----------+-------------------------------------------
     0 | D:1      | Borgoz the Gargoyle Fighter began the quest for the Orb.
     0 | D:1      | Reached XP level 1. HP: 14/14 MP: 1/1
    79 | D:1      | Reached XP level 2. HP: 18/19 MP: 2/2
   244 | D:1      | Reached XP level 3. HP: 23/23 MP: 3/3
   323 | D:1      | Found Yziulil's Weapon Shop.
   445 | D:1      | Reached skill level 1 in Stealth
   625 | D:2      | Found a faded altar of an unknown god.
   885 | D:2      | Reached XP level 4. HP: 29/29 MP: 4/4
  1971 | D:4      | Reached skill level 1 in Dodging
  1990 | D:4      | Noticed a black bear
  2013 | D:4      | Killed a black bear
  2014 | D:4      | Reached XP level 5. HP: 26/33 MP: 5/5
  2022 | D:4      | Reached XP level 6. HP: 27/38 MP: 6/6
  2122 | D:4      | Found a burning altar of Makhleb.
  2418 | D:4      | Found Omyev's CLEARANCE SALE!.
  2670 | D:4      | Found Qiygoeta's Jewellery Shoppe.
  2748 | D:5      | Entered Level 5 of the Dungeon
  2792 | D:5      | HP: 1/39 [burnt (4)]
  2801 | D:5      | HP: 2/58 [burnt (2)]
  2804 | D:5      | Incinerated by a bombardier beetle

Illustrated notes

Levels and vault maps discovered:
D:1:      matt_arrival_los_fun, layout_rooms, serial_shops,
          nicolae_shop_bloodbath_and_beyond, minmay_misc_feat_enclosed
D:2:      layout_loops_ring, basic_ecumenical_altar,
          minmay_misc_feat_secret_circle
D:3:      layout_basic
D:4:      layout_basic, lemuel_doored_altar, serial_shops, shop,
          nicolae_shop_clearance
D:5:      layout_loops_corners, mainiacjoe_overflow_paths,
          mainiacjoe_overflow_alcove_3, minmay_temple_entry_statues_fountains

Skill      XL: |  1  2  3  4  5  6 |
---------------+-------------------+-----
Stealth        | 1 2 |  2.3
Dodging        | 1 |  1.5
Armour         | 4 |  4.8
Fighting       | 4 |  4.6
Maces & Flails | 3 |  3.6
Shields        | 4 |  4.1

Action                     |  1- 3 |  4- 6 || total
---------------------------+-------+-------++-------
  Melee: Flail             |   125 |   151 ||   276
    Use: Scroll            |       |    15 ||    15
         Potion            |       |     5 ||     5
 Armour: Scale mail        |    86 |   122 ||   208
  Dodge: Dodged            |    87 |    77 ||   164
  Block: Buckler           |    31 |    27 ||    58

Table legend: (Time is in decaauts)
 A = Elapsed time spent in this place.
 B = Non-inter-level travel time spent in this place.
 C = Inter-level travel time spent in this place.
 D = Time resting spent in this place.
 E = Time spent auto-exploring this place.
 F = Levels seen in this place.
 G = Mean time per level.
                   A        B        C        D        E       F      G
               +--------+--------+--------+--------+--------+-----+--------+
         Total |   2887 |   2803 |     84 |      0 |   2102 |   5 |  577.4 |
       Dungeon |   2887 |   2803 |     84 |      0 |   2102 |   5 |  577.4 |
               +--------+--------+--------+--------+--------+-----+--------+

Top non-repeatable levels by time:
     D:4: 927 daAuts
     D:2: 643 daAuts
     D:3: 640 daAuts
     D:1: 618 daAuts
     D:5: 58 daAuts
